 Dungeon Crawl Stone Soup version 0.30-a0-137-gd8773701ce (webtiles) character file.

Game seed: 14243315863186560129

25 zishaf the Sneak (level 3, -1/18 HPs)
             Began as a Vine Stalker Brigand on Sept 23, 2022.
             Slain by Terence
             ... wielding a +0 flail
              (8 damage)
             ... on level 2 of the Dungeon.
             The game lasted 00:00:50 (567 turns).

zishaf the Sneak (Vine Stalker Brigand)              Turns: 567, Time: 00:00:50

Health: -1/18      AC:  3    Str: 13    XL:     3   Next: 4%
Magic:  0/4        EV: 12    Int: 11    God:
Gold:   80         SH:  0    Dex: 17    Spells: 2/2 levels left

rFire   . . .      SeeInvis .    a - +2 dagger
rCold   . . .      Faith    .    (no shield)
rNeg    . . .      Spirit   +    b - +0 robe
rPois   .          Reflect  .    (no helmet)
rElec   .          Harm     .    c - +0 cloak
rCorr   .          Rampage  .    (no gloves)
Will    .....                    (no boots)
Stlth   +++.......               (no amulet)
HPRegen 0.06/turn                (no ring)
MPRegen 0.09/turn                (no ring)

@: no status effects
A: fangs 2, magic shield, antimagic bite, no potion heal 2
a: no special abilities


You were on level 2 of the Dungeon.
You visited 1 branch of the dungeon, and saw 2 of its levels.

You collected 80 gold pieces.

Inventory:

Hand Weapons
 a - a +2 dagger (weapon)
Missiles
 d - 9 poisoned darts (quivered)
 e - 3 curare-tipped darts
Armour
 b - a +0 robe (worn)
 c - a +0 cloak (worn)
Scrolls
 g - 2 scrolls of fear {unknown}
 h - a scroll of immolation {unknown}
 i - a scroll of brand weapon {unknown}
Potions
 f - a potion of might {unknown}


   Skills:
 + Level 2.1 Fighting
 + Level 2.2 Short Blades
 + Level 2.2 Throwing
 - Level 1.0 Dodging
 - Level 5.0 Stealth


You had 2 spell levels left.
You didn't know any spells.
Your spell library was empty.

Dungeon Overview and Level Annotations

Branches:
Dungeon (2/15)

Altars:

Annotations:
D:2 Terence


Innate Abilities, Weirdness & Mutations

You have extremely sharp teeth.
When hurt, damage is shared between your health and your magic reserves.
Your bite disrupts and absorbs the magic of your enemies.
Potions cannot restore your health.


Message History

The bat closely misses you. The bat barely misses you.
You hit the bat but do no damage. Your bite misses the bat.
The bat is moderately wounded.
The bat hits you but does no damage. The bat closely misses you.
You hit the bat.
You kill the bat!
No target in view!
Found a stone staircase leading down.
Found a stone staircase leading down.
You now have 80 gold pieces (gained 13).
A rat comes into view.
A rat is nearby!
The rat closely misses you.
You hit the rat.
The rat is moderately wounded.
The rat closely misses you.
You hit the rat. You bite the rat.
You kill the rat!
No target in view!
Done exploring.
Done exploring.
(D) Dungeon
Where to? (? - help)
There is a stone staircase leading down here.
You climb downwards.
Found an escape hatch in the ceiling.
There is a stone staircase leading up here.
There are monsters nearby!
The goblin shouts!
Terence hits you with a +0 flail.
You hit Terence. You bite Terence. You drain his power.
Terence is lightly wounded.
You hit Terence but do no damage. Your bite misses Terence.
Terence is lightly wounded.
Terence hits you with a +0 flail!
A rat comes into view.
Terence attacks as you move away! Terence hits you with a +0 flail!
You die...

.###. .#.. .#.#
...#### ......#
......#
###..w...#
#@<......#
#....@........#
#.......#....##
#.<.....######
#....g...
r.........#
##........#
########.#


You could see Terence, a worm, a goblin and a rat (wandering).

Vanquished Creatures
  3 bats (D:1)
  4 endoplasms (D:1)
  3 goblins (D:1)
  2 hobgoblins (D:1)
  4 jackals (D:1)
  A quokka (D:1)
  A ball python (D:1)
  A kobold (D:1)
  A rat (D:1)
20 creatures vanquished.

Notes
Turn   | Place    | Note
-------+----------+-------------------------------------------
     0 | D:1      | zishaf the Vine Stalker Brigand began the quest for the
                  | Orb.
     0 | D:1      | Reached XP level 1. HP: 11/11 MP: 2/2
     6 | D:1      | Noticed a lindwurm
     6 | D:1      | Noticed a water moccasin
     6 | D:1      | Noticed a snapping turtle
     7 | D:1      | Noticed a wolf
     7 | D:1      | Noticed a swamp drake
    37 | D:1      | Found a faded altar of an unknown god.
    79 | D:1      | Reached skill level 1 in Dodging
    79 | D:1      | Reached XP level 2. HP: 15/15 MP: 3/3
    84 | D:1      | Reached skill level 5 in Stealth
   277 | D:1      | Reached XP level 3. HP: 13/18 MP: 4/4
   563 | D:2      | Noticed Terence
   567 | D:2      | Slain by Terence

Illustrated notes

Levels and vault maps discovered:
D:1:      onia_arrival_zoo_common, layout_rooms,
          ebering_ecumenical_altar_sacrificial, minmay_pentomino_q2
D:2:      layout_basic, basic_altar, minmay_lizard_pond, uniq_terence,
          uniq_natasha

Skill      XL: |  1  2 |
---------------+-------+-----
Dodging        | 1 |  1.0
Throwing       | 2 |  2.2
Stealth        | 5 |  5.0
Fighting       | 2 |  2.1
Short Blades   | 2 |  2.2

Action                   || total
-------------------------++-------
Melee: Dagger            ||    49
       Bite              ||    14
       Punch             ||     1
 Stab: Sleeping          ||     3
       Distracted        ||     1
Armor: Robe              ||     7
Dodge: Dodged            ||    29

Table legend: (Time is in decaauts)
 A = Elapsed time spent in this place.
 B = Non-inter-level travel time spent in this place.
 C = Inter-level travel time spent in this place.
 D = Time resting spent in this place.
 E = Time spent auto-exploring this place.
 F = Levels seen in this place.
 G = Mean time per level.
                   A        B        C        D        E       F      G
               +--------+--------+--------+--------+--------+-----+--------+
         Total |    561 |    551 |     10 |      0 |    430 |   2 |  280.5 |
       Dungeon |    561 |    551 |     10 |      0 |    430 |   2 |  280.5 |
               +--------+--------+--------+--------+--------+-----+--------+

Top non-repeatable levels by time:
     D:1: 558 daAuts
     D:2: 3 daAuts
